 Dungeon Crawl Stone Soup version 0.31-a0-1616-gbeaec30b81 (webtiles) character file.

Game seed: 5212177405389561908

476 bmb222 the Slasher (level 6, 0/39 (52) HPs)
             Began as a Draconian Gladiator on Jan 10, 2024.
             Slain by a kobold brigand
             ... wielding a +2 dagger of draining
              (2 damage)
             ... on level 4 of the Dungeon.
             The game lasted 00:04:07 (3225 turns).

bmb222 the Slasher (Draconian Gladiator)            Turns: 3225, Time: 00:04:08

HP:   0/39 (52)     AC:  6    Str: 16      XL:     6   Next: 84%
MP:   6/6           EV: 12    Int:  8 (9)  God:
Gold: 167           SH:  6    Dex: 10 (14) Spells: 5/5 levels left

rFire   . . .        a - +0 long sword
rCold   . . .        s - +2 buckler
rNeg    . . .        (body armour unavailable)
rPois   .            b - +0 hat
rElec   .            h - scarf {repulsion}
rCorr   .            (no gloves)
SInv    .            (no boots)
Will    .....        (no amulet)
Stlth   +++          (no ring)
HPRegen 0.26/turn    (no ring)
MPRegen 0.10/turn

%: repel missiles
@: very heavily drained
A: AC +6, unfitting armour, cold-blooded, camouflage 1, deterioration 1,
teleportitis 1
a: no special abilities


You were on level 4 of the Dungeon.
You visited 1 branch of the dungeon, and saw 5 of its levels.

You collected 167 gold pieces.

Inventory:

Hand Weapons
 a - a +0 long sword (weapon)
Missiles
 c - 3 throwing nets (quivered)
 d - a javelin
 r - 5 boomerangs
Armour
 b - a +0 hat (worn)
 h - a scarf of repulsion (worn)
 s - a +2 buckler (worn)
Jewellery
 t - a ring of positive energy
Wands
 l - a wand of paralysis (6)
Scrolls
 f - a scroll of revelation {unknown}
 g - a scroll of noise {unknown}
 j - a scroll of blinking {unknown}
 p - a scroll of torment {unknown}
 q - 2 scrolls of teleportation
 u - a scroll of fog
Potions
 e - 2 potions of might {unknown}
 i - a potion of brilliance {unknown}
 m - 2 potions of curing
 n - 2 potions of haste {unknown}
 o - a potion of enlightenment {unknown}


   Skills:
 + Level 4.1 Fighting
 * Level 4.9 Long Blades
 - Level 2.0 Throwing
 + Level 4.0 Dodging
 - Level 2.0 Stealth
 * Level 2.6 Shields


You had 5 spell levels left.
You didn't know any spells.
Your spell library contained the following spells:

 Spells                   Type           Power      Damage    Failure   Level
 Mercury Vapours          Alch/Air       0%         N/A       65%         2
 Mephitic Cloud           Conj/Alch/Air  0%         N/A       86%         3
 Tukima's Dance           Hex            0%         N/A       86%         3
 Passage of Golubria      Tloc           0%         N/A       99%         4
 Freezing Cloud           Conj/Ice/Air   0%         6-21      100%        5
 Yara's Violent Unravell  Hex/Alch       0%         3d3       100%        5


Dungeon Overview and Level Annotations

Branches:
Dungeon (5/15)
 Temple: D:4-7

Altars:
Sif Muna
Trog

Shops:
D:2 !


Innate Abilities, Weirdness & Mutations

Your plain brown scales are hard. (AC +6)
You cannot fit into any form of body armour.
You are cold-blooded and may be slowed by cold attacks.
Your skin changes colour to match your surroundings (Stealth+).
Your body sometimes deteriorates upon taking damage.
You are occasionally teleported next to monsters.


Message History

You are too injured to fight recklessly!
You are too injured to fight recklessly!
You are too injured to fight recklessly!
You are too injured to fight recklessly!
You are too injured to fight recklessly!
You closely miss the kobold brigand. You tail-slap the kobold brigand.
The kobold brigand is heavily wounded.
The kobold brigand barely misses you. You block the kobold's attack.
You barely miss the kobold brigand.
You tail-slap the kobold brigand, but do no damage.
The kobold brigand is heavily wounded.
You block the kobold brigand's attack. You block the kobold's attack.
The kobold misses you.
The kobold brigand hits you with a +2 dagger of draining.
Your body deteriorates!
You feel dopey.
You feel drained.
It was a potion of curing.
You feel better.
The kobold brigand hits you with a +2 dagger of draining.
You feel drained.
The kobold hits you with a staff of earth.
The kobold brigand attacks as it pursues you!
The kobold brigand hits you with a +2 dagger of draining.
* * * LOW HITPOINT WARNING * * *
You feel drained.
* * * LOW HITPOINT WARNING * * *
You hit the kobold brigand.
The kobold brigand is severely wounded.
You block the kobold brigand's attack.
You hit the kobold brigand.
The kobold brigand is severely wounded.
The kobold brigand hits you with a +2 dagger of draining.
* * * LOW HITPOINT WARNING * * *
You feel drained. The kobold hits you but does no damage.
You hit the kobold brigand.
Your tail-slap misses the kobold brigand.
The kobold brigand is almost dead.
The kobold brigand hits you with a +2 dagger of draining.
* * * LOW HITPOINT WARNING * * *
You feel drained.
You die...

..############ ........ ..######
####### ..## #~~~~~# ...## ~~≈~~
####### ....### ##### ~~≈
###.....###
..#...###!...###≈######)..)..)...
..###..##$)....###...)...#####).)
..# ##..#####..K@......###≈≈~####
..# ##....####K..######~~~~~~~~#
..# ####<.# ##### ..~~~~~~~~~..
.. #........ .....~~~##..
#.####### ####...###..
##########.# ##############.# #..
...........# #.............># #.#
..############.############.# #.#
...).............# #.......###.#


You could see a kobold brigand and a kobold.

Vanquished Creatures
  Eustachio (D:4)
  A scorpion (D:4)
  3 bombardier beetles
  A hound (D:4)
  An orc wizard (D:4)
  4 gnolls (D:3)
  3 adders (D:2)
  A dart slug (D:1)
  3 orcs (D:4)
  4 ball pythons
  3 bats
  4 endoplasms
  4 giant cockroaches
  4 goblins
  9 hobgoblins
  3 jackals (D:1)
  10 kobolds
  3 quokkas
  2 frilled lizards
  5 rats
69 creatures vanquished.

Notes
Turn   | Place    | Note
-------+----------+-------------------------------------------
     0 | D:1      | bmb222 the Draconian Gladiator began the quest for the Orb.
     0 | D:1      | Reached XP level 1. HP: 17/17 MP: 1/1
   300 | D:1      | Reached XP level 2. HP: 13/25 MP: 2/2
  1083 | D:2      | Reached skill level 1 in Stealth
  1083 | D:2      | Reached XP level 3. HP: 24/30 MP: 3/3
  1373 | D:2      | Found Alouk's Distillery.
  1627 | D:3      | Found a shimmering blue altar of Sif Muna.
  1633 | D:3      | Found a bloodstained altar of Trog.
  1641 | D:3      | You fall into a shaft and drop 2 floors!
  1641 | D:5      | Entered Level 5 of the Dungeon
  1757 | D:4      | Noticed Eustachio
  1785 | D:4      | Noticed a scorpion
  1805 | D:4      | Gained mutation: You are somewhat resistant to further
                  | mutation. [potion of mutation]
  1810 | D:4      | Killed a scorpion
  1811 | D:4      | Reached XP level 4. HP: 19/38 MP: 4/4
  2043 | D:4      | Reached XP level 5. HP: 44/45 MP: 5/5
  2168 | D:3      | Found a faded altar of an unknown god.
  2539 | D:3      | Reached skill level 1 in Shields
  2806 | D:4      | Reached XP level 6. HP: 52/52 MP: 6/6
  2882 | D:4      | Killed Eustachio
  3147 | D:4      | Lost mutation: You are somewhat resistant to further
                  | mutation. [potion of mutation]
  3147 | D:4      | Gained mutation: You sometimes lose your temper in combat.
                  | [potion of mutation]
  3147 | D:4      | Gained mutation: You have sharp toenails. [potion of
                  | mutation]
  3148 | D:4      | Lost mutation: You sometimes lose your temper in combat.
                  | [potion of mutation]
  3148 | D:4      | Lost mutation: You have sharp toenails. [potion of
                  | mutation]
  3148 | D:4      | Gained mutation: You are occasionally teleported next to
                  | monsters. [potion of mutation]
  3148 | D:4      | Gained mutation: Your body sometimes deteriorates upon
                  | taking damage. [potion of mutation]
  3148 | D:4      | Gained mutation: Your skin changes colour to match your
                  | surroundings (Stealth+). [potion of mutation]
  3225 | D:4      | HP: 2/41 [kobold brigand/+2 dagger of draining (5)]
  3225 | D:4      | Slain by a kobold brigand

Illustrated notes

Levels and vault maps discovered:
D:1:      lightli_arrival_statue_moat, layout_basic
D:2:      layout_basic, serial_shops, nicolae_shop_window_shopping
D:3:      layout_rooms, hellmonk_overflow_destroyed_library,
          shapermc_ecumenical_altar_totnotflames
D:4:      cheibrodos_thug_alley, layout_basic, uniq_eustachio
D:5:      kennysheep_big_flooded_room, layout_loops_ring,
          minmay_temple_entry_wispy, gammafunk_ghost_mausoleum,
          uniq_prince_ribbit1

Skill      XL: |  1  2  3  4  5  6 |
---------------+-------------------+-----
Throwing       | 2 |  2.0
Dodging        | 3 4 |  4.0
Stealth        | 1 2 |  2.0
Fighting       | 3 4 |  4.1
Long Blades    | 4 |  4.9
Shields        | 1 2 |  2.6

Action                     |  1- 3 |  4- 6 || total
---------------------------+-------+-------++-------
  Melee: Long sword        |   128 |   117 ||   245
         Tailslap          |    13 |    21 ||    34
  Evoke: Wand              |       |     4 ||     4
    Use: Potion            |     3 |     3 ||     6
         Scroll            |     2 |       ||     2
   Stab: Sleeping          |     5 |     3 ||     8
         Paralysed         |       |    14 ||    14
         Distracted        |       |     1 ||     1
 Armour: Skin              |    88 |    99 ||   187
  Dodge: Dodged            |    88 |   115 ||   203
  Block: Buckler           |       |    54 ||    54

Table legend: (Time is in decaauts)
 A = Elapsed time spent in this place.
 B = Non-inter-level travel time spent in this place.
 C = Inter-level travel time spent in this place.
 D = Time resting spent in this place.
 E = Time spent auto-exploring this place.
 F = Levels seen in this place.
 G = Mean time per level.
                   A        B        C        D        E       F      G
               +--------+--------+--------+--------+--------+-----+--------+
         Total |   3282 |   3202 |     80 |    331 |   2185 |   5 |  656.4 |
       Dungeon |   3282 |   3202 |     80 |    331 |   2185 |   5 |  656.4 |
               +--------+--------+--------+--------+--------+-----+--------+

Top non-repeatable levels by time:
     D:1: 994 daAuts
     D:4: 879 daAuts
     D:2: 700 daAuts
     D:3: 695 daAuts
     D:5: 11 daAuts
